 Dungeon Crawl Stone Soup version 0.25.1-2-g60ff931df9 (webtiles) character file.

Game seed: 11715168550281865656

1061 DogServant the Slasher (level 8, 47/49 (68) HPs)
             Began as a Ghoul Gladiator on Nov 9, 2020.
             Was a Believer of Kikubaaqudgha.
             Quit the game on level 6 of the Dungeon.
             The game lasted 00:09:05 (6885 turns).

DogServant the Slasher (Ghoul Gladiator)            Turns: 6885, Time: 00:09:06

HP:   47/49 (68)    AC:  5    Str: 18    XL:     8   Next: 27%
MP:   7/7           EV: 27    Int:  5    God:    Kikubaaqudgha [**....]
Gold: 205           SH:  0    Dex: 10    Spells: 3/7 levels left

rFire    + . .     SeeInvis .   a - +0 long sword
rCold    + . .     Gourm    .   (no shield)
rNeg     + + +     Faith    .   b - +0 leather armour
rPois    ∞         Spirit   .   c - +0 helmet
rElec    .         Reflect  .   (no cloak)
rCorr    .         Harm     .   (no gloves)
MR       .....                  p - +0 pair of boots
Stlth    +.........             e - amulet of the acrobat
HPRegen  0.00/turn              t - ring of fire
MPRegen  0.10/turn              v - ring of protection from cold

@: acrobat, rotting
A: rotting body, claws 1, carnivore, cold resistance 1, negative energy
resistance 3, inhibited regeneration, torment resistance, unbreathing
a: Receive Corpses, Renounce Religion


You were on level 6 of the Dungeon.
You worshipped Kikubaaqudgha.
Kikubaaqudgha was pleased with you.
You were not hungry.

You visited 1 branch of the dungeon, and saw 6 of its levels.

You collected 205 gold pieces.

Inventory:

Hand Weapons
 a - a +0 long sword (weapon)
 i - a +1 short sword of venom
 D - a +2 vorpal spear
Missiles
 d - 4 throwing nets (quivered)
Armour
 b - a +0 leather armour (worn)
 c - a +0 helmet (worn)
 p - a +0 pair of boots (worn)
Jewellery
 e - an amulet of the acrobat (around neck)
 t - a ring of fire (left claw)
 v - a ring of protection from cold (right claw)
Wands
 y - a wand of disintegration (9)
 E - a wand of paralysis (3)
 G - a wand of digging (6)
 I - a wand of polymorph (9)
Scrolls
 g - 5 scrolls of identify {unknown}
 h - 2 scrolls of fog {unknown}
 j - 7 scrolls of teleportation {unknown}
 m - a scroll of amnesia {unknown}
 n - a scroll of enchant armour {unknown}
 q - 4 scrolls of remove curse {unknown}
 u - 2 scrolls of random uselessness {unknown}
 C - a scroll of enchant weapon {unknown}
Potions
 k - a potion of flight {unknown}
 l - 2 potions of lignification {unknown}
 o - a potion of resistance {unknown}
 r - 2 potions of magic {unknown}
 s - 3 potions of curing {unknown}
 w - a potion of ambrosia {unknown}
 x - a potion of berserk rage
 z - a potion of brilliance {unknown}
 A - 2 potions of haste {unknown}
 B - a potion of cancellation {unknown}
 F - 2 potions of degeneration {unknown}
 H - a potion of might
Comestibles
 f - 14 rations


   Skills:
 - Level 5.3 Fighting
 + Level 6.6 Long Blades
 - Level 1.7 Throwing
 - Level 3.0 Dodging
 + Level 4.5 Necromancy


You had 3 spell levels left.
You knew the following spells:

 Your Spells              Type           Power        Failure   Level  Hunger
a - Vampiric Draining     Necr           #.........   30%         3    ####...
b - Animate Skeleton      Necr           N/A          10%         1    ##.....

Your spell library contained the following spells:

 Spells                   Type           Power        Failure   Level  Hunger
 Pain                     Necr           #...         10%         1    ##.....
 Corpse Rot               Necr/Air       N/A          36%         2    ###....


Dungeon Overview and Level Annotations

Branches:
Dungeon (6/15)             Temple (0/1) D:4

Altars:
Dithmenos
Fedhas
Kikubaaqudgha
Okawaru
Qazlal
Trog
Wu Jian
Xom
Yredelemnul
The Shining One

Annotations:
D:3 Sigmund
D:4 2 transporters


Innate Abilities, Weirdness & Mutations

Your body is rotting away.
You thrive on raw meat.
You are immune to poison.
You have sharp fingernails.
You are carnivorous and can eat meat at any time.
Your flesh is cold resistant. (rC+)
You are immune to negative energy. (rN+++)
You do not regenerate when monsters are visible.
You are immune to unholy pain and torment.
You can survive without breathing.


Message History

The necrophage moves out of view.
Found two shimmering altars of Xom.
A bullfrog zombie comes into view.
A bullfrog zombie is nearby!
A bullfrog zombie is nearby!
A bullfrog zombie is nearby!
An orc comes into view.
Found a robe.
An orc, 2 orc priests and a centaur come into view.
An orc priest is wielding a +1 whip of electrocution.
The orc priest shouts! x2; The orc shouts!
The bullfrog zombie barely misses you.
The orc priest miscasts a cantrip.
The bullfrog zombie hits you.
The centaur moves out of view.
Found a chain mail.
The centaur wields a cursed +0 shortbow.
The centaur shoots an arrow.
The arrow closely misses you.
The orc priest miscasts a cantrip.
There is a stone staircase leading down here.
Are you sure you want to abandon this character and quit the game? (Confirm with "yes".)

#......# #...÷.......#
#......#####.#...........
#.........##.##.........#
#............##..........
#......#.....##..........
######.####..............
#.## #.###..........
#..###.##(........#
##.##..@...........
##.^###......##..##.
#.≈#._##...o.....#
#≈♣^≈..^#>.##c#.#.#
#_._^≈__#......o#.#
^_≈#_♣^≈..#.#.##o...[.
.#.^_._§≈#.....c. .....
..#.≈§...§#.....### ....
.. ##♣_.^.#####..# .[.


You could see a centaur, an orc priest and 2 orcs.

Vanquished Creatures
  Duvessa (D:5)
  An ice beast (D:5)
  An ogre (D:5)
  Dowan (D:5)
  A scorpion (D:4)
  A crimson imp (D:5)
  A centaur zombie (D:5)
  2 hounds
  An orc priest (D:4)
  A gnoll shaman (D:4)
  A centaur skeleton (D:5)
  Natasha (D:3)
  An iguana (D:5)
  Ijyb (D:5)
  3 orc wizards
  2 worker ants
  A hound zombie (D:5)
  A worker ant zombie (D:5)
  12 gnolls
  5 adders
  A howler monkey skeleton (D:5)
  3 worms
  4 leopard geckos
  5 orcs
  7 bats
  3 giant cockroaches
  3 hobgoblins
  7 jackals
  A quokka (D:5)
  A ball python (D:5)
  4 frilled lizards
  6 kobolds
  7 rats
91 creatures vanquished.

Notes
Turn   | Place    | Note
-------+----------+-------------------------------------------
     0 | D:1      | DogServant the Ghoul Gladiator began the quest for the Orb.
     0 | D:1      | Reached XP level 1. HP: 17/17 MP: 0/0
   349 | D:1      | Reached XP level 2. HP: 25/25 MP: 1/1
   378 | D:1      | Reached skill level 3 in Long Blades
   959 | D:2      | Found a shadowy altar of Dithmenos.
  1055 | D:2      | Reached XP level 3. HP: 19/29 MP: 2/2
  1488 | D:2      | Reached XP level 4. HP: 4/39 MP: 3/3
  1764 | D:2      | Found a glowing golden altar of the Shining One.
  2354 | D:3      | Noticed Natasha
  2367 | D:3      | Killed Natasha
  2760 | D:3      | Found an ancient bone altar of Kikubaaqudgha.
  2766 | D:3      | Became a worshipper of Kikubaaqudgha
  2997 | D:3      | Noticed Sigmund
  3074 | D:2      | Reached skill level 4 in Long Blades
  3137 | D:3      | Reached XP level 5. HP: 40/47 MP: 4/4
  3545 | D:4      | Found a staircase to the Ecumenical Temple.
  3549 | D:4      | Reached XP level 6. HP: 48/55 MP: 5/5
  3646 | D:4      | Reached skill level 5 in Fighting
  3826 | D:4      | Reached * piety under Kikubaaqudgha
  3826 | D:4      | Identified Kikubaaqudgha's Catalogue of Darkness
                  | (Kikubaaqudgha gifted it to you on level 4 of the Dungeon)
  3826 | D:4      | Received a gift from Kikubaaqudgha
  3845 | D:4      | Learned a level 3 spell: Vampiric Draining
  3847 | D:4      | Learned a level 1 spell: Animate Skeleton
  4063 | D:4      | Found a transporter.
  4070 | D:4      | Reached skill level 5 in Long Blades
  4132 | D:4      | Found a basalt altar of Yredelemnul.
  4133 | D:4      | Found an iron altar of Okawaru.
  4134 | D:4      | Found an ornate altar of the Wu Jian Council.
  4137 | D:4      | Found a transporter.
  4155 | D:4      | Reached skill level 1 in Necromancy
  4228 | D:4      | Found a blossoming altar of Fedhas.
  4237 | D:4      | Found a stormy altar of Qazlal.
  4285 | D:4      | Reached XP level 7. HP: 17/61 MP: 6/6
  4566 | D:4      | Found a blossoming altar of Fedhas.
  4794 | D:5      | Entered Level 5 of the Dungeon
  5059 | D:5      | Noticed Dowan
  5060 | D:5      | Noticed Duvessa
  5340 | D:5      | Noticed Ijyb
  5341 | D:5      | Paralysed by Ijyb for 5 turns
  5355 | D:5      | Killed Ijyb
  5437 | D:5      | Reached skill level 6 in Long Blades
  5640 | D:5      | Found a bloodstained altar of Trog.
  6108 | D:5      | Reached XP level 8. HP: 52/52 MP: 7/7
  6288 | D:5      | Killed Duvessa
  6296 | D:5      | Killed Dowan
  6825 | D:6      | Reached ** piety under Kikubaaqudgha
  6853 | D:6      | Found a shimmering altar of Xom.
  6853 | D:6      | Found a shimmering altar of Xom.
  6853 | D:6      | Found a shimmering altar of Xom.
  6854 | D:6      | Found a shimmering altar of Xom.
  6855 | D:6      | Found a shimmering altar of Xom.
  6855 | D:6      | Found a shimmering altar of Xom.
  6855 | D:6      | Found a shimmering altar of Xom.
  6855 | D:6      | Found a shimmering altar of Xom.
  6857 | D:6      | Found a shimmering altar of Xom.
  6858 | D:6      | Found a shimmering altar of Xom.
  6885 | D:6      | Quit the game

Illustrated notes

Levels and vault maps discovered:
D:1:      shiori_arrival_oz, layout_basic
D:2:      layout_loops_cross, tso_metal_star, lemuel_crystal_altar,
          first_ration, roderic_lattice_a
D:3:      wad_lake_hut, layout_basic, lemuel_doored_altar, uniq_natasha,
          uniq_sigmund
D:4:      layout_gridville, grunt_temple_overflow_forces_of_nature,
          gammafunk_temple_overflow_arena, minmay_temple_entry_trees,
          fedhas_altar_fruit_tree
D:5:      layout_rooms, old_standard_altar, kennysheep_generic_room_10,
          uniq_ijyb, uniq_duvessa
D:6:      cheibrodos_barr_body, layout_rooms, lemuel_crystal_altar,
          serial_shops, nicolae_shop_trees, xom_redecorated

Skill      XL: |  1  2  3  4  5  6  7  8 |
---------------+-------------------------+-----
Long Blades    | 3 4 5 6 |  6.6
Fighting       | 3 4 5 |  5.3
Dodging        | 3 |  3.0
Necromancy     | 1 3 4 |  4.5
Throwing       | |  1.7

Action                   |  1- 3 |  4- 6 |  7- 9 || total
-------------------------+-------+-------+-------++-------
Melee: Short sword       |    62 |    96 |       ||   158
       Long sword        |     4 |    51 |   159 ||   214
Throw: Throwing net      |     1 |       |     4 ||     5
Evoke: Wand              |       |     2 |     1 ||     3
 Stab: Held in net/web   |       |       |     2 ||     2
  Eat: Chunk             |     3 |     8 |     8 ||    19
Armor: Leather armour    |    13 |    40 |    38 ||    91
Dodge: Dodged            |    46 |   145 |   119 ||   310
       Rpst.: Long sword |       |     9 |    42 ||    51
